EL
MANCHESTER FISHER CATS @ WATERBURY ROUGH RIDERS
05/29/1982
 
TOP OF THE 1ST
Manchester Fisher Cats batting - Pitching for Waterbury Rough Riders : RHP Mathew McArow
Pitching: RHP Mathew McArow
Batting: LHB Carlos Cabassa 0-0: Ball
1-0: Called Strike
1-1: Swinging Strike
1-2: Fly out, F7 (Flyball, 78M, EV 71.3 MPH)
Batting: LHB Tim Derryberry 0-0: Ball
1-0: Called Strike
1-1: Foul Ball, location: 2F
1-2: Strikes out looking
Batting: SHB Stan Javier 0-0: Called Strike
0-1: Ball
1-1: Ball
2-1: Swinging Strike
2-2: Ball
3-2: Foul Ball, location: 2F
3-2: Base on Balls
Batting: LHB Steve Hammond 0-0: SINGLE (Groundball, P, EV 81.3 MPH) (infield hit)
Stan Javier to second
Batting: SHB Danny Hernandez 0-0: Swinging Strike
0-1: Fly out, F9 (Flyball, 89M, EV 95.0 MPH)
Top of the 1st over - 0 runs, 1 hit, 0 errors, 2 left on base; Manchester 0 - Waterbury 0
BOTTOM OF THE 1ST
Waterbury Rough Riders batting - Pitching for Manchester Fisher Cats : RHP Octavio Avila
Pitching: RHP Octavio Avila
Batting: RHB David Corman 0-0: Ball
1-0: Ball
2-0: Ball
3-0: Called Strike
3-1: Foul Ball, location: 2F
3-2: Foul Ball, location: 2F
3-2: Fly out, F7 (Flyball, 78M, EV 95.6 MPH)
Batting: RHB Jack Fimple 0-0: Swinging Strike
0-1: Swinging Strike
0-2: Ball
1-2: SINGLE (Flyball, 34D, EV 92.5 MPH)
Batting: RHB Billy Beane 0-0: Ball
Jack Fimple steals 2nd base
1-0: Called Strike
1-1: Ground out 4-3 (Groundball, 4, EV 100.0 MPH)
Jack Fimple to third
Batting: RHB john W Russell 0-0: Foul Ball, location: 2F
0-1: Fly out, F9 (Flyball, 89M, EV 91.3 MPH)
Bottom of the 1st over - 0 runs, 1 hit, 0 errors, 1 left on base; Manchester 0 - Waterbury 0
TOP OF THE 2ND
Manchester Fisher Cats batting - Pitching for Waterbury Rough Riders : RHP Mathew McArow
Batting: RHB Randy Johnson 0-0: Called Strike
0-1: Ball
1-1: Ball
2-1: Fly out, F8 (Line Drive, 8RD, EV 87.5 MPH)
Batting: RHB Reymundo Estevez 0-0: Ball
1-0: Called Strike
1-1: Ball
2-1: Foul Ball, location: 2F
2-2: Ball
3-2: Foul Ball, location: 2F
3-2: Base on Balls
Batting: RHB Gary Holden 0-0: Fly out, F7 (Line Drive, 7, EV 93.8 MPH)
Batting: RHB Paul Croft 0-0: Ball
Reymundo Estevez is caught stealing 2nd base 2-4
Top of the 2nd over - 0 runs, 0 hits, 0 errors, 0 left on base; Manchester 0 - Waterbury 0
BOTTOM OF THE 2ND
Waterbury Rough Riders batting - Pitching for Manchester Fisher Cats : RHP Octavio Avila
Batting: RHB Gary Skow 0-0: Called Strike
0-1: Called Strike
0-2: Ball
1-2: Ball
2-2: Foul Ball, location: 2F
2-2: Foul Ball, location: 2F
2-2: Ball
3-2: Base on Balls
Batting: LHB Mike Lebo 0-0: Ball
1-0: Ball
2-0: Called Strike
2-1: Fly out, F5 (Line Drive, 5, EV 74.4 MPH)
Batting: RHB Daniel Purpura 0-0: Ball
1-0: Fly out, F7 (Flyball, 7LS, EV 75.0 MPH)
Batting: RHB Jose Quiroz 0-0: Called Strike
0-1: Ground out 4-3 (Groundball, 4, EV 101.9 MPH)
Bottom of the 2nd over - 0 runs, 0 hits, 0 errors, 1 left on base; Manchester 0 - Waterbury 0
TOP OF THE 3RD
Manchester Fisher Cats batting - Pitching for Waterbury Rough Riders : RHP Mathew McArow
Batting: RHB Paul Croft 0-0: Swinging Strike
0-1: Ball
1-1: Ball
2-1: Foul Ball, location: 2F
2-2: Foul Ball, location: 2F
2-2: SINGLE (Groundball, 5S, EV 72.5 MPH) (infield hit)
Batting: LHB Carlos Cabassa 0-0: Foul Ball, location: 2F
0-1: Ball
1-1: Called Strike
1-2: Strikes out swinging
Batting: LHB Tim Derryberry 0-0: Ball
1-0: Called Strike
1-1: Ball
2-1: Called Strike
2-2: Ball
3-2: Fly out, F7 (Flyball, 7S, EV 84.4 MPH)
Batting: SHB Stan Javier 0-0: Ball
1-0: Ball
2-0: SINGLE (Groundball, 34D, EV 96.3 MPH)
Paul Croft to second
Runner from 2nd tries for 3rd, SAFE, throw by RF made to third
Batting: LHB Steve Hammond 0-0: SINGLE (Groundball, 6D, EV 107.5 MPH)
Paul Croft scores
Stan Javier to second
Batting: SHB Danny Hernandez 0-0: Ball
1-0: Swinging Strike
1-1: Foul Ball, location: 2F
1-2: Ground out 4-3 (Groundball, 4, EV 82.5 MPH)
Top of the 3rd over - 1 run, 3 hits, 0 errors, 2 left on base; Manchester 1 - Waterbury 0
BOTTOM OF THE 3RD
Waterbury Rough Riders batting - Pitching for Manchester Fisher Cats : RHP Octavio Avila
Batting: RHB Joseph Pocoroba 0-0: Ground out 4-3 (Groundball, 4M, EV 78.8 MPH)
Batting: RHB David Corman 0-0: Called Strike
0-1: Ball
1-1: Ball
2-1: Swinging Strike
2-2: Strikes out swinging
Batting: RHB Jack Fimple 0-0: Called Strike
0-1: Swinging Strike
0-2: Fly out, F9 (Flyball, 9, EV 92.5 MPH)
Bottom of the 3rd over - 0 runs, 0 hits, 0 errors, 0 left on base; Manchester 1 - Waterbury 0
TOP OF THE 4TH
Manchester Fisher Cats batting - Pitching for Waterbury Rough Riders : RHP Mathew McArow
Batting: RHB Randy Johnson 0-0: Ball
1-0: Ball
2-0: Ball
3-0: Base on Balls
Batting: RHB Reymundo Estevez 0-0: Called Strike
0-1: Ball
1-1: Called Strike
1-2: Fly out, F3 (Popup, 3SF, EV 81.3 MPH)
Batting: RHB Gary Holden 0-0: Called Strike
0-1: Ball
1-1: Ball
2-1: Ball
3-1: Foul Ball, location: 2F
3-2: Strikes out swinging
Batting: RHB Paul Croft 0-0: Swinging Strike
0-1: Ball
1-1: Ball
2-1: Fielders Choice at 2nd, 6-4 (Groundball, 6, EV 98.1 MPH)
Top of the 4th over - 0 runs, 0 hits, 0 errors, 1 left on base; Manchester 1 - Waterbury 0
BOTTOM OF THE 4TH
Waterbury Rough Riders batting - Pitching for Manchester Fisher Cats : RHP Octavio Avila
Batting: RHB Billy Beane 0-0: Ball
1-0: Foul Ball, location: 2F
1-1: Ball
2-1: SINGLE (Flyball, 6D, EV 95.0 MPH)
Batting: RHB john W Russell 0-0: Ball
1-0: Swinging Strike
1-1: Ball
2-1: Foul Ball, location: 2F
2-2: Fly out, F6 (Popup, 4MD, EV 63.8 MPH)
Batting: RHB Gary Skow 0-0: Ball
1-0: Ball
2-0: Ball
3-0: Called Strike
3-1: Grounds into double play, 5-4-3 (Groundball, 56S, EV 86.9 MPH)
Bottom of the 4th over - 0 runs, 1 hit, 0 errors, 0 left on base; Manchester 1 - Waterbury 0
TOP OF THE 5TH
Manchester Fisher Cats batting - Pitching for Waterbury Rough Riders : RHP Mathew McArow
Batting: LHB Carlos Cabassa 0-0: Ball
1-0: Ball
2-0: Called Strike
2-1: Foul Ball, location: 2F
2-2: SINGLE (Line Drive, 89M, EV 105.6 MPH)
Batting: LHB Tim Derryberry 0-0: Bunt missed!
0-1: Ball
1-1: Bunted foul
1-2: Foul Ball, location: 2F
1-2: Ball
2-2: Fly out, F9 (Line Drive, 9, EV 93.1 MPH)
Batting: SHB Stan Javier 0-0: Called Strike
0-1: Called Strike
0-2: Ball
1-2: Foul Ball, location: 2F
1-2: Foul Ball, location: 2F
1-2: Foul Ball, location: 2F
1-2: Strikes out swinging
Batting: LHB Steve Hammond 0-0: Ball
Carlos Cabassa steals 2nd base
1-0: Ball
2-0: Foul Ball, location: 2F
2-1: Foul Ball, location: 2F
2-2: Ground out 6-3 (Groundball, 6, EV 80.0 MPH)
Top of the 5th over - 0 runs, 1 hit, 0 errors, 1 left on base; Manchester 1 - Waterbury 0
BOTTOM OF THE 5TH
Waterbury Rough Riders batting - Pitching for Manchester Fisher Cats : RHP Octavio Avila
Batting: LHB Mike Lebo 0-0: DOUBLE (Line Drive, 78XD, EV 100.0 MPH)
Batting: RHB Daniel Purpura 0-0: Ball
1-0: Ball
2-0: Ball
3-0: Called Strike
3-1: Base on Balls
Batting: RHB Jose Quiroz 0-0: Ball
1-0: Fly out, F8 (Flyball, 8RD, EV 83.8 MPH)
Batting: RHB Joseph Pocoroba 0-0: Called Strike
0-1: Foul Ball, location: 2F
0-2: Foul Ball, location: 2F
0-2: SINGLE (Groundball, 6D, EV 100.0 MPH)
Mike Lebo to third
Daniel Purpura to second
Runner from 3rd tries for Home, SAFE, throw by CF to home
Batting: RHB David Corman 0-0: Ball
1-0: Foul Ball, location: 2F
1-1: SINGLE (Groundball, 6D, EV 108.1 MPH)
Daniel Purpura to third
Joseph Pocoroba to second
Batting: RHB Jack Fimple 0-0: Grounds into double play, 5-2-3 (Groundball, 56S, EV 86.3 MPH)
Bottom of the 5th over - 1 run, 3 hits, 0 errors, 2 left on base; Manchester 1 - Waterbury 1
TOP OF THE 6TH
Manchester Fisher Cats batting - Pitching for Waterbury Rough Riders : RHP Mathew McArow
Batting: SHB Danny Hernandez 0-0: SINGLE (Groundball, 34D, EV 103.8 MPH)
Batting: RHB Randy Johnson 0-0: Ground out 3-1 (Groundball, 34S, EV 83.1 MPH)
Danny Hernandez to second
Batting: RHB Reymundo Estevez 0-0: Ball
1-0: SINGLE (Groundball, 6MD, EV 100.0 MPH)
Danny Hernandez to third
Runner from 3rd tries for Home, SAFE, throw by CF to home
Batting: RHB Gary Holden 0-0: Ball
1-0: Ball
2-0: Foul Ball, location: 2F
2-1: Ball
3-1: Called Strike
3-2: Fly out, F9 (Flyball, 9D, EV 101.3 MPH)
Batting: RHB Paul Croft 0-0: Ball
1-0: Ball
2-0: Ball
3-0: Called Strike
3-1: SINGLE (Groundball, 34D, EV 109.4 MPH)
Reymundo Estevez to second
Runner from 2nd tries for 3rd, SAFE, throw by RF made to third
Batting: LHB Carlos Cabassa 0-0: Swinging Strike
0-1: Foul Ball, location: 2F
0-2: Ball
1-2: Ball
2-2: Ground out 5-3 (Groundball, 56S, EV 79.4 MPH)
Top of the 6th over - 1 run, 3 hits, 0 errors, 2 left on base; Manchester 2 - Waterbury 1
BOTTOM OF THE 6TH
Waterbury Rough Riders batting - Pitching for Manchester Fisher Cats : RHP Octavio Avila
Batting: RHB Billy Beane 0-0: Ball
1-0: Swinging Strike
1-1: Ground out 6-3 (Groundball, 6, EV 80.6 MPH)
Batting: RHB john W Russell 0-0: Swinging Strike
0-1: Called Strike
0-2: Ball
1-2: Ball
2-2: Foul Ball, location: 2F
2-2: Strikes out swinging
Batting: RHB Gary Skow 0-0: Foul Ball, location: 2F
0-1: Ball
1-1: Foul Ball, location: 2F
1-2: Ball
2-2: Foul Ball, location: 2F
2-2: SOLO HOME RUN (Flyball, 78XD, EV 100.6 MPH), Distance : 427 ft
Batting: LHB Mike Lebo 0-0: Swinging Strike
0-1: Fly out, F7 (Flyball, 7LM, EV 94.4 MPH)
Bottom of the 6th over - 1 run, 1 hit, 0 errors, 0 left on base; Manchester 2 - Waterbury 2
TOP OF THE 7TH
Manchester Fisher Cats batting - Pitching for Waterbury Rough Riders : RHP Mathew McArow
Batting: LHB Tim Derryberry 0-0: Fly out, F9 (Flyball, 9S, EV 85.0 MPH)
Batting: SHB Stan Javier 0-0: Ball
1-0: Ball
2-0: Foul Ball, location: 2F
2-1: Called Strike
2-2: Strikes out swinging
Batting: LHB Steve Hammond 0-0: Ball
1-0: Foul Ball, location: 2F
1-1: Fly out, F5 (Popup, 56S, EV 74.4 MPH)
Top of the 7th over - 0 runs, 0 hits, 0 errors, 0 left on base; Manchester 2 - Waterbury 2
BOTTOM OF THE 7TH
Waterbury Rough Riders batting - Pitching for Manchester Fisher Cats : RHP Octavio Avila
Batting: RHB Daniel Purpura 0-0: Foul Ball, location: 2F
0-1: Swinging Strike
0-2: Ball
1-2: Strikes out swinging
Batting: RHB Jose Quiroz 0-0: Ball
1-0: Called Strike
1-1: Ground out 5-3 (Groundball, 56, EV 96.9 MPH)
Batting: RHB Joseph Pocoroba 0-0: Swinging Strike
0-1: Ground out 3-1 (Groundball, 34S, EV 91.3 MPH)
Bottom of the 7th over - 0 runs, 0 hits, 0 errors, 0 left on base; Manchester 2 - Waterbury 2
TOP OF THE 8TH
Manchester Fisher Cats batting - Pitching for Waterbury Rough Riders : RHP Mathew McArow
Batting: SHB Danny Hernandez 0-0: SINGLE (Flyball, 78S, EV 85.0 MPH)
Batting: RHB Randy Johnson 0-0: Ball
1-0: Foul Ball, location: 2F
1-1: Ball
2-1: Ball
3-1: Foul Ball, location: 2F
3-2: Strikes out swinging
Batting: RHB Reymundo Estevez 0-0: Ball
1-0: Swinging Strike
1-1: Fly out, F8 (Flyball, 8LS, EV 85.6 MPH)
Batting: RHB Gary Holden 0-0: Ball
Danny Hernandez is caught stealing 2nd base 2-4
Top of the 8th over - 0 runs, 1 hit, 0 errors, 0 left on base; Manchester 2 - Waterbury 2
BOTTOM OF THE 8TH
Waterbury Rough Riders batting - Pitching for Manchester Fisher Cats : RHP Octavio Avila
Batting: RHB David Corman 0-0: Foul Ball, location: 2F
0-1: Called Strike
0-2: Fly out, F7 (Flyball, 7D, EV 88.1 MPH)
Batting: RHB Jack Fimple 0-0: Called Strike
0-1: Ball
1-1: Ball
2-1: Foul Ball, location: 2F
2-2: Ball
3-2: Foul Ball, location: 2F
3-2: Fly out, F7 (Flyball, 7LM, EV 91.9 MPH)
Batting: RHB Billy Beane 0-0: Ball
1-0: Called Strike
1-1: Called Strike
1-2: SINGLE (Line Drive, 9LS, EV 108.8 MPH)
Pitching: RHP Stephen Marsden
Batting: RHB john W Russell 0-0: Ball
1-0: Ball
2-0: Fly out, F7 (Flyball, 7, EV 84.4 MPH)
Bottom of the 8th over - 0 runs, 1 hit, 0 errors, 1 left on base; Manchester 2 - Waterbury 2
TOP OF THE 9TH
Manchester Fisher Cats batting - Pitching for Waterbury Rough Riders : RHP Mathew McArow
Pitching: RHP Marcial Abreu
Pinch Hitting: LHB Jessie Reid 0-0: Foul Ball, location: 2F
0-1: SINGLE (Groundball, 5D, EV 103.1 MPH)
Pinch Hitting: LHB Mike Ciampa 0-0: Bunted foul
0-1: Ball
1-1: Sac Bunt to 2R - play at first, batter OUT! 2-4
Jessie Reid to second
Batting: LHB Carlos Cabassa 0-0: Swinging Strike
0-1: Ball
1-1: Ball
2-1: Foul Ball, location: 2F
2-2: Ball
3-2: Foul Ball, location: 2F
3-2: Fly out, F7 (Flyball, 7LS, EV 80.0 MPH)
Batting: LHB Tim Derryberry 0-0: Swinging Strike
0-1: Ball
1-1: Ball
2-1: Ball
3-1: Foul Ball, location: 2F
3-2: 2-RUN HOME RUN (Flyball, 8LXD, EV 97.5 MPH), Distance : 451 ft
Batting: SHB Stan Javier 0-0: Ball
1-0: Ground out 5-3 (Groundball, 5L, EV 87.5 MPH)
Top of the 9th over - 2 runs, 2 hits, 0 errors, 0 left on base; Manchester 4 - Waterbury 2
BOTTOM OF THE 9TH
Waterbury Rough Riders batting - Pitching for Manchester Fisher Cats : RHP Stephen Marsden
Now at C: Buddy Pryor
Now at 1B: Joe Citari
Now in CF: Mike Ciampa
Now in RF: Mel Hall
Batting: RHB Gary Skow 0-0: Swinging Strike
0-1: Called Strike
0-2: Foul Ball, location: 2F
0-2: Ball
1-2: Foul Ball, location: 2F
1-2: Foul Ball, location: 2F
1-2: Fly out, F4 (Popup, 4S, EV 73.1 MPH)
Batting: LHB Mike Lebo 0-0: Called Strike
0-1: Fly out, F9 (Flyball, 89D, EV 110.6 MPH)
Batting: RHB Daniel Purpura 0-0: Ball
1-0: Ball
2-0: Foul Ball, location: 2F
2-1: Foul Ball, location: 2F
2-2: Ball
3-2: Fly out, F4 (Flyball, 4MD, EV 83.8 MPH)
Bottom of the 9th over - 0 runs, 0 hits, 0 errors, 0 left on base; Manchester 4 - Waterbury 2
Monday, August 3rd, 2020 - OOTP Baseball 21.5 Build 76